 Dungeon Crawl Stone Soup version 0.31-a0-1265-gaa4636e842 (webtiles) character file.

Game seed: 6435198233480990567

70 tilp the Vexing (level 4, -1/32 HPs)
             Began as a Vampire Enchanter on Dec 16, 2023.
             Slain by Natasha (7 damage)
             ... on level 2 of the Dungeon.
             The game lasted 00:02:17 (1591 turns).

tilp the Vexing (Vampire Enchanter)                 Turns: 1591, Time: 00:02:18

Health: -1/32      AC:  3    Str:  7    XL:     4   Next: 4%
Magic:  1/7        EV: 12    Int: 19    God:
Gold:   141        SH:  0    Dex: 14    Spells: 2/7 levels left

rFire   . . .        a - +1 dagger
rCold   . . .        (no shield)
rNeg    . . .        b - +0 robe
rPois   .            (no helmet)
rElec   .            j - +0 cloak
rCorr   .            (no gloves)
SInv    +            (no boots)
Will    .....        (no amulet)
Stlth   +++          (no ring)
HPRegen 0.45/turn    (no ring)
MPRegen 0.10/turn

%: no passive effects
@: healing quickly, invisible
A: alive, fangs 3, see invisible, vampiric 2
a: Exsanguinate


You were on level 2 of the Dungeon.
You visited 1 branch of the dungeon, and saw 2 of its levels.

You collected 141 gold pieces.

Inventory:

Hand Weapons
 a - a +1 dagger (weapon)
Missiles
 f - 37 stones (quivered)
Armour
 b - a +0 robe (worn)
 j - a +0 cloak (worn)
Jewellery
 k - a ring of ice
Wands
 e - a wand of charming (6)
Potions
 c - a potion of invisibility
 d - a potion of brilliance
 g - a potion of magic {unknown}
 h - a potion of cancellation {unknown}
 i - a potion of enlightenment {unknown}


   Skills:
 * Level 1.5 Fighting
 + Level 1.9 Short Blades
 + Level 2.8 Dodging
 + Level 4.8 Stealth
 + Level 2.2 Spellcasting
 + Level 4.9 Hexes
 + Level 0.3 Evocations


You had 2 spell levels left.
You knew the following spells:

 Your Spells              Type           Power      Damage    Failure   Level
a - Ensorcelled Hibernat  Hex/Ice        22%        N/A       9%          2
b - Confusing Touch       Hex            21%        N/A       6%          3

Your spell library contained the following spells:

 Spells                   Type           Power      Damage    Failure   Level
 Tukima's Dance           Hex            21%        N/A       6%          3
 Dazzling Flash           Conj/Hex       22%        N/A       19%         3
 Cause Fear               Hex            10%        N/A       22%         4
 Anguish                  Hex/Necr       5%         N/A       52%         4
 Silence                  Hex/Air        5%         N/A       86%         5
 Agony                    Necr           2%         N/A       99%         5
 Enfeeble                 Hex            10%        N/A       100%        7


Dungeon Overview and Level Annotations

Branches:
Dungeon (2/15)

Altars:

Annotations:
D:2 Natasha


Innate Abilities, Weirdness & Mutations

Your natural rate of healing is accelerated.
You have razor-sharp teeth.
You have supernaturally acute eyesight. (SInv)
You are afflicted with vampirism and can become a bat while bloodless.


Message History

The adder poisons you!
You barely miss the adder. Your bite misses the adder.
The adder is severely wounded.
You feel sick. The adder misses you. The cerulean imp barely misses you.
You hit the adder.
You kill the adder!
You feel sick.
The cerulean imp hits you from afar with a +2 spear.
* * * LOW HITPOINT WARNING * * *
You have reached level 4!
You aren't carrying any scrolls.
Unknown command.
You feel sick.
Your magical contamination has completely faded away.
You feel sick.
You feel sick.
You feel sick.
Press: ? - help, v - describe, . - travel
Here: a cerulean imp, wielding a +2 spear (summoned)
The floor.
You fade into invisibility!
You feel sick.
You are no longer poisoned.
The cerulean imp hits you but does no damage.
Casting: Ensorcelled Hibernation (safe; 9% risk of failure)
Confirm with . or Enter, or press ? or * to list all spells.
Aiming: Ensorcelled Hibernation (safe; 9% risk of failure)
Press: ? - help, Shift-Dir - straight line, f - Natasha
Aim: Natasha (chance to affect: 45%) Natasha resists with some effort.
Natasha closely misses you.
The cerulean imp hits you from afar with a +2 spear.
* * * LOW HITPOINT WARNING * * *
Unknown command.
Aiming: Charm
Press: ? - help, Shift-Dir - straight line, f/p - Natasha
Aim: Natasha (chance to affect: 50%) Natasha resists with some effort.
The cerulean imp completely misses you. Natasha claws you!
You die...
Natasha curls up and begins to purr.

.####..#.#
............###.#
.##......#
.##....>........#
.......###
...........####.##
####...#
#..########..##.## #...#
#..# #....## #..## #..#
#..### #.######..#####
#.)# ####.............#
#..# .....######..#
#@####..# ....h.S......#
#.h5....#
####.######.#########.##
#.# #.....5†h5..# #.#
############# #.# #.#
#.# ####.#


You could see Natasha and a cerulean imp (summoned, unable to see you).

Vanquished Creatures
  Natasha (D:2)
  An adder (D:2)
  2 dart slugs (D:1)
  2 ball pythons
  5 bats
  3 endoplasms (D:1)
  A giant cockroach (D:1)
  5 goblins
  2 hobgoblins (D:1)
  2 jackals (D:1)
  A quokka (D:1)
  2 frilled lizards (D:1)
  3 kobolds (D:1)
  2 rats (D:1)
32 creatures vanquished.

Notes
Turn   | Place    | Note
-------+----------+-------------------------------------------
     0 | D:1      | tilp the Vampire Enchanter began the quest for the Orb.
     0 | D:1      | Reached XP level 1. HP: 13/13 MP: 3/3
   179 | D:1      | Reached XP level 2. HP: 20/20 MP: 5/5
   232 | D:1      | Learned a level 2 spell: Ensorcelled Hibernation
   439 | D:1      | Reached skill level 1 in Fighting
   770 | D:1      | Gained mutation: You are afflicted with vampirism and can
                  | become a bat while bloodless. [Vampire growth]
   770 | D:1      | Reached XP level 3. HP: 23/26 MP: 3/6
   774 | D:1      | Learned a level 3 spell: Confusing Touch
  1320 | D:2      | Noticed Natasha
  1324 | D:2      | Killed Natasha
  1555 | D:2      | Noticed Natasha
  1581 | D:2      | Reached XP level 4. HP: 11/32 MP: 2/7
  1591 | D:2      | Slain by Natasha

Illustrated notes

Levels and vault maps discovered:
D:1:      saegor_arrival_simple_d, layout_loops_corners
D:2:      layout_loops_ring, basic_altar, uniq_natasha, uniq_sigmund

Skill      XL: |  1  2 |
---------------+-------+-----
Fighting       | 1 |  1.5
Short Blades   | |  1.9
Dodging        | |  2.8
Stealth        | |  4.8
Spellcasting   | |  2.2
Hexes          | |  4.9
Evocations     | |  0.3

Action                     |  1- 3 |  4- 6 || total
---------------------------+-------+-------++-------
  Melee: Dagger            |    62 |       ||    62
         Bite              |     4 |       ||     4
   Cast: Ensorcelled Hiber |    14 |     1 ||    15
  Evoke: Wand              |       |     1 ||     1
    Use: Scroll            |     4 |       ||     4
         Potion            |       |     1 ||     1
   Stab: Sleeping          |    20 |       ||    20
 Armour: Robe              |    36 |     3 ||    39
  Dodge: Dodged            |    22 |     2 ||    24

Table legend: (Time is in decaauts)
 A = Elapsed time spent in this place.
 B = Non-inter-level travel time spent in this place.
 C = Inter-level travel time spent in this place.
 D = Time resting spent in this place.
 E = Time spent auto-exploring this place.
 F = Levels seen in this place.
 G = Mean time per level.
                   A        B        C        D        E       F      G
               +--------+--------+--------+--------+--------+-----+--------+
         Total |   1587 |   1542 |     45 |     82 |   1171 |   2 |  793.5 |
       Dungeon |   1587 |   1542 |     45 |     82 |   1171 |   2 |  793.5 |
               +--------+--------+--------+--------+--------+-----+--------+

Top non-repeatable levels by time:
     D:1: 1149 daAuts
     D:2: 437 daAuts
